 Dungeon Crawl Stone Soup version 0.28-a0-32-g8dfe7f97f6 (webtiles) character file.

Game seed: 5960401461255481793

8 Sin92 the Skirmisher (level 2, -2/24 HPs)
             Began as a Demonspawn Fighter on July 27, 2021.
             Slain by Sigmund (5 damage)
             ... on level 2 of the Dungeon.
             The game lasted 00:00:51 (867 turns).

Sin92 the Skirmisher (Demonspawn Fighter)            Turns: 867, Time: 00:00:52

Health: -2/24      AC:  9    Str: 16    XL:     2   Next: 0%
Magic:  2/2        EV:  4    Int:  9    God:
Gold:   53         SH:  0    Dex: 12    Spells: 1/1 levels left

rFire   . . .      SeeInvis .   a - +0 flail
rCold   . . .      Faith    .   c - +0 kite shield
rNeg    . . .      Spirit   .   k - +0 chain mail
rPois   .          Reflect  .   (no helmet)
rElec   .          Harm     .   (no cloak)
rCorr   .          Rampage  .   (no gloves)
Will    .....                   (no boots)
Stlth   ..........              (no amulet)
HPRegen 0.08/turn               (no ring)
MPRegen 0.08/turn               (no ring)

@: confused, mighty
A: large bone plates 1
a: no special abilities


You were on level 2 of the Dungeon.
You visited 1 branch of the dungeon, and saw 2 of its levels.

You collected 53 gold pieces.

Inventory:

Hand Weapons
 a - a +0 flail (weapon)
Armour
 b - a +0 scale mail
 c - a +0 kite shield (worn)
 k - a +0 chain mail (worn)
Jewellery
 f - an amulet of faith
Scrolls
 e - a scroll of enchant armour {unknown}
 g - 2 scrolls of fear {unknown}
 h - a scroll of identify {unknown}
 i - a scroll of vulnerability {unknown}


   Skills:
 + Level 3.0 Fighting
 * Level 2.0 Maces & Flails
 + Level 2.8 Armour
 + Level 0.3 Dodging
 + Level 2.8 Shields


You had one spell level left.
You didn't know any spells.
Your spell library was empty.

Dungeon Overview and Level Annotations

Branches:
Dungeon (2/15)

Altars:

Shops:
D:1 (

Annotations:
D:2 Sigmund


Innate Abilities, Weirdness & Mutations

You are partially covered in large bone plates. (SH +4)


Message History

Key pressed, stopping explore.
Unknown command.
No target in view!
Unknown command.
Sigmund the Dreaded comes into view.
He is wielding a +0 scythe.
Sigmund shouts!
Sigmund is nearby!
Unknown command.
Sigmund gestures at you while chanting. The magic dart hits you.
Unknown command.
Sigmund is nearby!
Sigmund screams, "Die, monster!"
Sigmund casts a spell.
Sigmund flickers and vanishes!
Deactivating autopickup; reactivate with Ctrl-A.
There is a strange disturbance nearby!
No target in view!
It was a potion of cancellation.
You feel magically purged. Something hits you!
You feel very mighty all of a sudden. Something hits you but does no damage.
Something hits you but does no damage.
You miss something. Something hits you.
You closely miss something. Something hits you.
* * * LOW HITPOINT WARNING * * *
You hear some strange, mumbled words.
Something tries to affect you, but you resist.
You sock something!
You hear some strange, mumbled words.
You are confused.
Unknown command.
Okay, then.
You are too confused!
You hear some strange, mumbled words.
A puff of flame appears from out of thin air!
The puff of flame hits you.
* * * LOW HITPOINT WARNING * * *
Unknown command.
You're too confused to move!
Something hits you.
You die...

########################
......{.@..............#
######################.#
#.# #.# #.# #.# #.# #.#
###########.##


There were no monsters in sight!

Vanquished Creatures
  A dart slug (D:1)
  A bat (D:2)
  A hobgoblin (D:1)
  A ball python (D:1)
  A frilled lizard (D:1)
  2 rats (D:1)
7 creatures vanquished.

Notes
Turn   | Place    | Note
-------+----------+-------------------------------------------
     0 | D:1      | Sin92 the Demonspawn Fighter began the quest for the Orb.
     0 | D:1      | Reached XP level 1. HP: 18/18 MP: 1/1
   429 | D:1      | Found a faded altar of an unknown god.
   479 | D:1      | Found Lyrul's Antique Weapon Shoppe.
   816 | D:2      | Gained mutation: You are partially covered in large bone
                  | plates. (SH +4) [demonic ancestry]
   816 | D:2      | Reached XP level 2. HP: 24/24 MP: 2/2
   856 | D:2      | Noticed Sigmund
   867 | D:2      | Slain by Sigmund

Illustrated notes

Levels and vault maps discovered:
D:1:      ncdulo_wetmaze, layout_basic, serial_shops,
          nicolae_shop_temple_entry_statues_fountains,
          shapermc_ecumenical_altar_starsandcircs, minmay_shallow_snake_nest
D:2:      layout_basic, basic_altar, kennysheep_generic_room_13, uniq_jessica,
          uniq_sigmund

Skill      XL: |  1 |
---------------+----+-----
Maces & Flails | 2 |  2.0
Fighting       | |  3.0
Armour         | |  2.8
Dodging        | |  0.3
Shields        | |  2.8

Action                   || total
-------------------------++-------
Melee: Flail             ||    33
  Use: Potion            ||     2
Armor: Scale mail        ||    11
       Chain mail        ||     8
Dodge: Dodged            ||     9
Block: Kite shield       ||    19

Table legend: (Time is in decaauts)
 A = Elapsed time spent in this place.
 B = Non-inter-level travel time spent in this place.
 C = Inter-level travel time spent in this place.
 D = Time resting spent in this place.
 E = Time spent auto-exploring this place.
 F = Levels seen in this place.
 G = Mean time per level.
                   A        B        C        D        E       F      G
               +--------+--------+--------+--------+--------+-----+--------+
         Total |    895 |    818 |     77 |      0 |    716 |   2 |  447.5 |
       Dungeon |    895 |    818 |     77 |      0 |    716 |   2 |  447.5 |
               +--------+--------+--------+--------+--------+-----+--------+

Top non-repeatable levels by time:
     D:1: 825 daAuts
     D:2: 69 daAuts
